 Dungeon Crawl Stone Soup version 0.20-a0-1124-g2e29d97 (webtiles) character file.

175 Kidiri the Magician (level 5, -1/28 HPs)
             Began as a Deep Elf Fire Elementalist on May 15, 2017.
             Slain by a gnoll
             ... wielding a +0 halberd
              (8 damage)
             ... on level 2 of the Dungeon.
             The game lasted 00:08:04 (3178 turns).

Kidiri the Magician (Deep Elf Fire Elementalist)    Turns: 3178, Time: 00:08:05

Health: -1/28      AC:  2    Str:  5    XL:     5   Next: 29%
Magic:  7/15       EV: 13    Int: 21    God:
Gold:   121        SH:  0    Dex: 15    Spells: 2/15 levels left

rFire    . . .     SeeInvis .   e - +1 short sword (venom)
rCold    . . .     Gourm    .   (no shield)
rNeg     . . .     Faith    .   a - +0 robe
rPois    .         Spirit   .   (no helmet)
rElec    .         Reflect  .   (no cloak)
rCorr    .         Harm     .   (no gloves)
MR       .....                  (no boots)
Stlth    ++........             (no amulet)
Regen    0.1/turn               (no ring)
MPRegen  0.2/turn               (no ring)

@: very slightly contaminated
A: no striking features
a: no special abilities


You were on level 2 of the Dungeon.
You were not hungry.

You visited 1 branch of the dungeon, and saw 3 of its levels.

You collected 121 gold pieces.

Inventory:

Hand Weapons
 e - a +1 short sword of venom (weapon)
Armour
 a - a +0 robe (worn)
Wands
 k - a wand of random effects (26/48)
Scrolls
 d - a scroll of remove curse {unknown}
 f - 2 scrolls of teleportation {unknown}
 g - 3 scrolls of identify {unknown}
 h - 2 scrolls of fear {unknown}
 l - a scroll of amnesia {unknown}
Potions
 c - a potion of magic {unknown}
 i - 2 potions of mutation {unknown}
Books
 b - a book of Flames

   Spells                             Type                      Level
   a - Flame Tongue                   Conjuration/Fire             1
   b - Throw Flame                    Conjuration/Fire             2
   c - Conjure Flame                  Conjuration/Fire             3
   d - Inner Flame                    Hexes/Fire                   3
   e - Sticky Flame                   Conjuration/Fire             4
   f - Fireball                       Conjuration/Fire             5
Comestibles
 j - a chunk of flesh


   Skills:
 - Level 2.4 Dodging
 - Level 2.4 Stealth
 * Level 5.5 Spellcasting
 + Level 2.8 Conjurations
 + Level 4.5 Fire Magic


You had 2 spell levels left.
You knew the following spells:

 Your Spells              Type           Power        Failure   Level  Hunger
a - Flame Tongue          Conj/Fire      ###..        2%          1    None
b - Throw Flame           Conj/Fire      ###...       3%          2    None
c - Conjure Flame         Conj/Fire      ###.....     7%          3    ##.....
d - Inner Flame           Hex/Fire       ###.....     12%         3    ##.....
e - Sticky Flame          Conj/Fire      ###.....     22%         4    ####...


Dungeon Overview and Level Annotations

Branches:
Dungeon (3/15)

Altars:
Ashenzari


Message History

Unknown command.
Casting: Sticky Flame
Confirm with . or Enter, or press ? or * to list all spells.
You don't know that spell.
Unknown command.
Casting: Sticky Flame
Confirm with . or Enter, or press ? or * to list all spells.
Aiming: Sticky Flame
Press: ? - help, Shift-Dir - straight line, f/p - gnoll
Aim: a gnoll, wielding a halberd The sticky flame hits the gnoll.
The gnoll is moderately wounded.
The gnoll is covered in liquid flames!
The gnoll burns!
The kobold misses you. The gnoll closely misses you.
Unknown command.
You hit the kobold but do no damage.
The gnoll burns!
The kobold hits you with a spear.
* * * LOW HITPOINT WARNING * * *
The gnoll closely misses you. The gnoll hits you with a halberd!
You die...

#.....# .#
#.#...
##..#..# #
#.##.#
#..#_#.#
#...
#...#..#
#..#
#......#
#..#
#))..###
#..# ##..##
#..# #g.#
#..# . #@K#
#..# .. #.g#
####
...#####..##
#
.....(....#
#.# #
..........#
#.####
.####.....#
#.#...
#...### .#
#.#.## #...#
###.# #.#.#
#...# ....#
#.#.##


You could see 2 gnolls and a kobold.

Vanquished Creatures
  Jessica (D:2)
  Ijyb (D:3)
  3 adders (D:3)
  2 gnolls (D:2)
  An ooze (D:3)
  3 worms
  2 dart slugs
  A leopard gecko (D:3)
  3 orcs (D:3)
  A giant cockroach (D:2)
  5 goblins
  3 hobgoblins
  11 jackals
  9 kobolds
  3 quokkas (D:3)
  4 bats
  5 rats
58 creatures vanquished.

Notes
Turn   | Place    | Note
-------+----------+-------------------------------------------
     0 | D:1      | Kidiri the Deep Elf Fire Elementalist began the quest for the Orb.
     0 | D:1      | Reached XP level 1. HP: 10/10 MP: 6/6
   361 | D:1      | Found a shattered altar of Ashenzari.
   373 | D:1      | Reached XP level 2. HP: 15/15 MP: 3/8
   381 | D:1      | Learned a level 2 spell: Throw Flame
  1428 | D:2      | Reached XP level 3. HP: 19/19 MP: 7/10
  1433 | D:2      | Learned a level 3 spell: Conjure Flame
  1437 | D:2      | Learned a level 3 spell: Inner Flame
  1451 | D:2      | Noticed Jessica
  1489 | D:2      | Found a faded altar of an unknown god.
  1629 | D:3      | Reached skill level 4 in Spellcasting
  1923 | D:2      | Killed Jessica
  1923 | D:2      | Reached XP level 4. HP: 24/24 MP: 8/12
  2636 | D:3      | Reached skill level 5 in Spellcasting
  2742 | D:3      | Learned a level 4 spell: Sticky Flame
  2918 | D:3      | Reached XP level 5. HP: 21/28 MP: 9/14
  3029 | D:3      | Noticed Ijyb
  3036 | D:3      | Killed Ijyb
  3178 | D:2      | Slain by a gnoll

Vault maps used:
D:1:      zaba_arrival_water, minmay_hexomino_r4
D:2:      chequers_ecumenical_altar_simple, fedhas_altar_1, uniq_jessica
D:3:      uniq_ijyb

Skill      XL: |  1  2  3  4 |
---------------+-------------+-----
Spellcasting   | 4 5 |  5.5
Fire Magic     | 4 |  4.5
Conjurations   | 2 |  2.8
Dodging        | |  2.4
Stealth        | |  2.4

Action                   |  1- 3 |  4- 6 || total
-------------------------+-------+-------++-------
Melee: Short sword       |    24 |    22 ||    46
 Cast: Flame Tongue      |    48 |    16 ||    64
       Throw Flame       |     9 |     7 ||    16
       Conjure Flame     |     2 |     4 ||     6
       Inner Flame       |     1 |     7 ||     8
       Sticky Flame      |       |     4 ||     4
 Stab: Sleeping          |     2 |       ||     2
  Eat: Chunk             |     2 |     1 ||     3
       Fruit             |     2 |       ||     2
       Bread ration      |       |     1 ||     1
Armor: Robe              |     5 |     4 ||     9
Dodge: Dodged            |    39 |    22 ||    61
